Map: Kairos Junction LE

Players

Anxiety

  • Race: Terran Terran
  • League: Diamond
  • Spawn Location: 11:00

ViBE - Winner!

  • Race: Zerg Zerg
  • League: Diamond
  • Spawn Location: 5:00

VOD

https://www.youtube.com/watch?v=G50MBq64qIA&t=3h18m44s

Description

ViBE's standard ZvT ling bane hydra from Bronze to GM

Time

  • Played on: Dec. 2, 2018, 12:41 a.m.
  • Length: 17:42
Show
View Real Time Build Order
Export as new Build Order

Anxiety Terran 

Build Orders: Command Center First (CC), Hellion Banshee 

Get SALT Encoding   

  12  0:00  SCV  
  13  0:12  SCV  
  14  0:21  Supply Depot  
  14  0:24  SCV  
  15  0:42  SCV  
  16  0:54  SCV  
  17  1:06  Command Center, SCV  
  18  1:11  Refinery  
  18  1:19  SCV  
  18  1:23  Barracks  
  19  1:29  Refinery  
  19  1:34  SCV  
  20  1:46  SCV  
  21  1:58  SCV  
  22  2:11  Factory  
  22  2:12  Orbital Command  
  22  2:14  Barracks Reactor  
  22  2:20  Orbital Command  
  22  2:30  Supply Depot  
  22  2:38  SCV  
  23  2:47  SCV  
  23  2:50  SCV  
  25  2:57  Starport  
  25  2:59  SCV  
  25  3:03  SCV, Barracks Tech Lab, Hellion  
  31  3:05  Hellion  
  31  3:11  SCV  
  32  3:17  SCV  
  33  3:24  SCV, Hellion  
  33  3:27  Hellion  
  38  3:29  SCV  
  38  3:31  Barracks Tech Lab  
  38  3:32  Supply Depot  
  39  3:36  SCV  
  39  3:40  Banshee  
  43  3:41  SCV, Cloaking Field  
  43  3:48  Hellion  
  46  3:54  SCV x2, Hellion  
  50  3:58  Supply Depot  
  50  4:00  Supply Depot  
  50  4:06  SCV x2  
  52  4:15  Hellion  
  54  4:20  SCV x2, Hellion  
  58  4:24  Supply Depot  
  58  4:27  Supply Depot  
  58  4:28  Stimpack  
  58  4:31  Banshee  
  61  4:32  SCV x2  
  63  4:42  Barracks  
  63  4:44  Barracks, SCV x2  
  65  4:49  Barracks  
  65  4:53  Barracks  
  65  4:56  SCV  
  66  5:02  SCV  
  67  5:08  SCV  
  68  5:14  SCV  
  63  5:32  Command Center  
  63  5:33  SCV x2  
  63  5:34  Barracks Reactor x2  
  61  5:38  Engineering Bay  
  61  5:39  Engineering Bay  
  61  5:46  Liberator x2  
  59  5:52  SCV x2  
  59  5:55  Refinery  
  59  5:57  Refinery  
  56  6:02  Siege Tank  
  65  6:06  Terran Infantry Weapons Level 1  
  65  6:07  Terran Infantry Armor Level 1  
  65  6:12  Marine x2  
  65  6:13  Marine x3  
  65  6:16  SCV x2  
  73  6:27  Barracks, Barracks Reactor  
  73  6:28  Barracks Reactor  
  73  6:29  Barracks  
  73  6:32  Marine x5  
  73  6:37  Command Center  
  77  6:43  Siege Tank  
  77  6:45  SCV x2  
  77  6:46  Medivac  
  84  6:50  Marine  
  85  6:58  Planetary Fortress  
  85  6:59  Marine x4  
  89  7:06  Refinery x2  
  89  7:08  Marine x5  
  90  7:10  Medivac  
  96  7:17  Marine x3  
  96  7:18  Marine x2, Armory  
  101  7:24  Combat Shield  
  101  7:49  Marine x11, SCV x3  
  115  8:01  SCV  
  116  8:17  Supply Depot  
  116  8:32  Marine x4, Supply Depot x2  
  116  8:33  Siege Tank, SCV, Supply Depot  
  124  8:38  Marine x4, Medivac x2  
  132  8:42  Marine x3  
  132  8:43  SCV  
  132  8:45  SCV  
  126  8:50  Marine x2  
  126  8:51  Marine x2  
  130  8:56  Marine x4, Orbital Command  
  130  9:00  Marine  
  137  9:05  Siege Tank  
  137  9:06  Terran Infantry Armor Level 2, Terran Infantry Weapons Level 2  
  137  9:07  Barracks Tech Lab x2  
  137  9:08  Marine x3, Medivac x2  
  137  9:09  Marine, Terran Vehicle Weapons Level 1  
  146  9:12  Supply Depot  
  146  9:14  Marine x4  
  144  9:18  Marine  
  145  9:26  Marine x3  
  147  9:38  Medivac  
  147  9:44  Marine x11  
  147  9:45  Siege Tank, Medivac  
  157  10:02  Marine x3  
  160  10:08  Medivac  
  162  10:20  Siege Tank  
  155  10:27  Marine x11  
  120  10:34  Medivac  
  107  10:38  Medivac  
  102  10:45  Marine x11  
  107  10:52  Siege Tank  
  107  11:02  Marine, Supply Depot  
  107  11:03  Marine x10  
  107  11:04  Factory, Medivac  
  120  11:08  SCV x3, Medivac  
  125  11:20  Marine x2  
  125  11:21  Marine  
  124  11:27  Marine  
  124  11:28  Marine x7  
  122  11:38  Marine x2  
  124  11:43  Marine  
  124  11:44  Terran Infantry Weapons Level 3, Terran Infantry Armor Level 3  
  124  11:45  Marine x2  
  124  11:46  Marine x6  
  124  11:47  Siege Tank  
  122  11:54  Factory Tech Lab  
  122  11:56  Marine x2  
  122  11:58  SCV x3  
  122  12:00  Marine  
  126  12:03  Marine x6  
  126  12:08  Marine  
  126  12:09  Marine  
  126  12:14  Marine  
  127  12:19  Siege Tank  
  127  12:20  Liberator  
  127  12:22  Command Center  
  130  12:25  Marine x6  
  130  12:29  SCV  
  137  12:30  Marine x4  
  137  12:31  Marine  
  137  12:35  Siege Tank  
  145  12:40  Terran Vehicle Weapons Level 2  
  148  12:54  Marine x5  
  148  12:55  Marine x4  
  157  13:00  Marine x2  
  154  13:12  Marine x3  
  156  13:13  Marine x6  
  156  13:18  Marine x2  
  141  13:30  Marine x6  
  141  13:31  Marine x3  
  150  13:36  Marine x2  
  152  13:43  Planetary Fortress  
  152  13:48  Marine x6  
  155  13:50  Siege Tank  
  161  14:02  Sensor Tower  
  161  14:07  Marine x5  
  161  14:08  Marine x5  
  171  14:25  Medivac  
  111  14:41  Marine x11  
  111  14:42  Siege Tank  
  125  14:58  Marine  
  125  14:59  Marine x6  
  132  15:00  Siege Tank, Medivac  
  126  15:54  Siege Tank x2  
  126  15:56  Marauder x3, Marine x4  
  126  15:57  Marine  
  143  16:11  Marine x3  
  143  16:12  Medivac  
  143  16:13  Medivac  
  143  16:14  Marine  
  143  16:17  Marauder  
  153  16:24  Marine  
  153  16:25  Marauder x2, Marine x3  
  161  16:26  Siege Tank  
  164  16:33  Marine x2  
  164  16:39  Marauder  
  168  16:45  Refinery  
  168  16:46  Refinery  
  167  16:48  Marauder x2, Marine  
  172  16:57  Marine  
  172  16:58  Marine x3  
  172  16:59  Marine x3  
  172  17:00  Marauder  
  172  17:19  Marine  
  172  17:21  Marauder  
Show
View Real Time Build Order
Export as new Build Order

ViBE Zerg - Winner!

Build Orders: Hatch First 

Get SALT Encoding   

  12  0:01  Drone  
  13  0:14  Overlord  
  13  0:20  Drone  
  14  0:32  Drone x2  
  16  0:38  Drone  
  17  0:54  Hatchery  
  16  0:58  Drone  
  17  1:07  Drone  
  18  1:12  Extractor  
  18  1:16  Spawning Pool  
  16  1:21  Drone  
  16  1:23  Drone  
  18  1:29  Drone  
  19  1:42  Overlord  
  19  2:02  Queen  
  19  2:04  Drone x2  
  19  2:06  Queen  
  19  2:07  Drone  
  26  2:15  Drone  
  26  2:21  Drone  
  28  2:25  Drone  
  28  2:28  Drone  
  30  2:30  Metabolic Boost  
  30  2:40  Drone x2  
  32  2:46  Zergling x2  
  32  2:50  Zergling x2  
  34  2:55  Baneling Nest  
  34  2:57  Drone  
  34  3:07  Queen  
  34  3:08  Hatchery, Overlord  
  35  3:19  Drone  
  36  3:23  Overlord  
  36  3:30  Drone x6  
  36  3:32  Zergling x2  
  43  3:38  Baneling x2  
  43  3:49  Drone  
  43  3:50  Overlord  
  43  3:54  Zergling x8  
  48  4:03  Queen  
  48  4:08  Zergling x4  
  48  4:09  Drone  
  54  4:10  Drone  
  54  4:28  Drone x6  
  54  4:29  Roach Warren  
  54  4:30  Spore Crawler  
  58  4:31  Spore Crawler  
  58  4:37  Drone  
  58  4:38  Drone x2  
  60  4:40  Spore Crawler  
  60  4:43  Spore Crawler, Lair  
  60  4:44  Spore Crawler  
  57  4:56  Drone x9  
  66  5:04  Extractor x2  
  64  5:10  Drone x2  
  64  5:11  Evolution Chamber  
  64  5:12  Evolution Chamber  
  64  5:14  Extractor  
  64  5:16  Overlord x4  
  63  5:25  Roach x4  
  58  5:32  Drone x6  
  61  5:39  Queen, Drone x2  
  62  5:43  Drone  
  62  5:44  Drone x2  
  65  5:51  Drone x4  
  65  5:55  Drone x3  
  71  6:02  Zerg Ground Armor Level 1  
  71  6:03  Zerg Melee Weapons Level 1  
  70  6:07  Drone x3  
  73  6:14  Centrifical Hooks  
  73  6:15  Drone  
  73  6:16  Drone x2  
  76  6:27  Drone x7  
  83  6:33  Extractor  
  83  6:35  Extractor  
  81  6:47  Hydralisk Den  
  81  6:48  Zergling x18  
  89  6:55  Drone  
  89  6:59  Overlord x4  
  90  7:04  Drone x2  
  92  7:08  Overlord  
  92  7:09  Overlord x3  
  92  7:11  Baneling x5  
  92  7:12  Baneling x2  
  92  7:13  Baneling  
  92  7:14  Hatchery  
  91  7:30  Hydralisk x6  
  91  7:33  Grooved Spines  
  103  7:38  Overseer  
  103  7:45  Hydralisk x7  
  117  7:54  Hydralisk x3  
  117  7:55  Hydralisk  
  125  8:03  Zergling x2  
  125  8:04  Zergling x6  
  129  8:16  Hydralisk  
  129  8:17  Hydralisk x6  
  129  8:18  Zergling x4  
  145  8:35  Zergling x26  
  145  8:36  Zergling x2  
  156  8:44  Muscular Augments  
  143  8:57  Drone x8  
  145  9:17  Drone x11  
  155  9:28  Spore Crawler  
  155  9:30  Zerg Melee Weapons Level 2, Zerg Ground Armor Level 2  
  154  9:33  Infestation Pit  
  153  9:44  Extractor  
  153  9:45  Extractor, Zergling x20  
  162  9:49  Baneling x2  
  162  9:50  Baneling x16  
  161  9:55  Zergling x4  
  163  10:10  Zergling x10  
  150  10:23  Zergling x14  
  107  10:35  Hive  
  107  10:38  Overseer  
  107  10:40  Hydralisk x7  
  107  10:41  Hydralisk x4  
  111  10:52  Hydralisk x4  
  117  11:02  Hydralisk x11  
  139  11:07  Baneling x8  
  139  11:21  Zergling x12  
  143  11:27  Hatchery  
  143  11:32  Zergling x22  
  149  11:46  Zergling x10  
  131  11:55  Zergling x2  
  131  11:56  Zergling x22  
  141  12:03  Zergling x2  
  141  12:04  Zergling x2  
  130  12:11  Zergling x2  
  130  12:12  Zergling x4  
  126  12:18  Zerg Ground Armor Level 3, Adrenal Glands, Zerg Melee Weapons Level 3  
  126  12:24  Baneling x13  
  126  12:25  Baneling x5  
  126  12:26  Baneling x9  
  126  12:36  Zergling x28  
  140  12:44  Zergling x4  
  140  12:45  Zergling x2  
  143  12:53  Baneling x17  
  138  13:07  Zergling x2  
  138  13:08  Zergling x26  
  138  13:12  Queen  
  151  13:26  Zergling x28  
  162  13:40  Hydralisk x4  
  170  13:42  Overlord  
  170  13:48  Spire  
  170  13:52  Hydralisk x2  
  170  13:54  Overlord x5  
  173  14:13  Baneling x15  
  173  14:15  Zergling x22  
  177  14:30  Zergling x2  
  177  14:31  Zergling x26  
  128  14:47  Hydralisk x9  
  128  14:51  Hydralisk  
  148  15:08  Greater Spire  
  148  15:09  Zergling x18  
  157  15:17  Hatchery  
  157  15:18  Baneling  
  157  15:19  Baneling x16  
  154  15:53  Drone x5  
  154  15:54  Drone x2  
  158  15:57  Spore Crawler  
  153  16:21  Corruptor x5  
  153  16:22  Corruptor  
  165  16:25  Extractor  
  165  16:26  Drone  
  165  16:27  Extractor, Drone x2  
  165  16:28  Drone x3  
  165  16:30  Zergling x20  
  165  16:31  Zergling x6  
  182  17:01  Brood Lord x6  
  194  17:10  Zergling x12  
  194  17:14  Baneling x11  
  194  17:15  Baneling x3  
Tags
 
Add a new tag
Caveats
  • Supply blocks, unpowered buildings, or Contaminate may cause inaccurate times.
  • Supply counts are checked every 10 seconds.